AoeStats
← paco.cheung

Golden Pit

507920049Analyzed
1v1 RM · 13d ago on Sep 20, 2026· 36m 26s· 2 players
Game mode
Random Map
Map size
Tiny (2 player)
Population
200
Speed
Normal
Resources
Standard
Victory
Conquest
Starting age
Dark Age
Ending age
Imperial Age
RankedLock teamsTeams togetherTeam positionsShared explorationLock speedFull tech treeHidden civsTurbo modeCheats
Victory
Defeat
🇺🇸 Berbers · United States
817
+15
🇭🇰 Tupi · Hong Kong SAR China
787
-15
paco.cheung
11:08 Feudal Age
15:14 Castle Age
14:10 Double-Bit Axe
14:10 Horse Collar
16:28 Pikeman
17:11 Squires
17:15 Loom
18:08 Wheelbarrow
28:01 Fletching
28:12 Padded Archer Armor
34:29 Treadmill Crane
leofim11
9:34 Loom
11:29 Feudal Age
13:03 Double-Bit Axe
13:01 Horse Collar
13:41 Gold Mining
20:49 Arson
24:26 Castle Age
22:31 Stone Mining
23:49 Fletching
23:59 Padded Archer Armor
25:47 Wheelbarrow
25:31 Bow Saw
25:26 Bodkin Arrow
27:53 Heavy Plow
30:04 Leather Archer Armor
30:09 Bloodlines
31:59 Husbandry
33:56 Ballistics
36:18 Hand Cart
Connection lost

Rejoining the realm…

Still unreachable

The connection could not be restored.

Session expired

The server has moved on; the page needs a fresh start.